 Dungeon Crawl Stone Soup version 0.31.0-11-ge490571c62 (webtiles) character file.

Game seed: 1990737309944614878

119 qw the Skirmisher (level 4, -1/25 HPs)
             Began as a Deep Elf Hunter on Feb 4, 2024.
             Slain by a ribbon worm (5 damage)
             ... on level 4 of the Dungeon.
             The game lasted 00:00:13 (2798 turns).

qw the Skirmisher (Deep Elf Hunter)                 Turns: 2798, Time: 00:00:14

Health: -1/25      AC:  8    Str: 10    XL:     4   Next: 74%
Magic:  6/6        EV: 11    Int: 14    God:
Gold:   114        SH:  0    Dex: 18    Spells: 3/3 levels left

rFire   . . .        a - +0 shortbow
rCold   + . .        (shield currently unavailable)
rNeg    . . .        h - +0 ring mail
rPois   .            g - +1 helmet
rElec   .            (no cloak)
rCorr   .            f - +0 pair of gloves
SInv    .            (no boots)
Will    +....        (no amulet)
Stlth   +            c - ring of protection from cold
HPRegen 0.24/turn    k - ring of willpower
MPRegen 0.10/turn

%: no passive effects
@: no status effects
A: no striking features
a: no special abilities


You were on level 4 of the Dungeon.
You visited 1 branch of the dungeon, and saw 4 of its levels.

You collected 114 gold pieces.


   Skills:
 - Level 1.5 Fighting
 + Level 8.2 Ranged Weapons
 - Level 2.4 Dodging
 - Level 1.2 Stealth


You had 3 spell levels left.
You didn't know any spells.
Your spell library was empty.

Inventory:

Hand Weapons
 a - a +0 shortbow (weapon)
Armour
 f - a +0 pair of gloves (worn)
 g - a +1 helmet (worn)
 h - a +0 ring mail (worn)
Jewellery
 c - a ring of protection from cold (left hand)
 e - a ring of willpower
 k - a ring of willpower (right hand)
Scrolls
 i - a scroll of identify
 j - a scroll of vulnerability {unknown}
Potions
 b - a potion of curing
 d - 3 potions of haste

Dungeon Overview and Level Annotations

Branches:
Dungeon (4/15)
 Temple: D:4-7

Altars:
Nemelex Xobeh
Zin
The Shining One


Message History

The ribbon worm bites you but does no damage.
The ribbon worm bites you but does no damage.
The ribbon worm bites you.
The ribbon worm bites you but does no damage.
The web tears apart.
The ribbon worm barely misses you.
You shoot an arrow. The arrow hits the ribbon worm.
The ribbon worm is lightly wounded.
The ribbon worm expels a string of sticky webbing.
The stream of webbing hits you but does no damage.
You are caught in a web!
The ribbon worm bites you but does no damage.
The ribbon worm bites you but does no damage.
The ribbon worm bites you. The ribbon worm bites you.
The ribbon worm bites you but does no damage.
The ribbon worm bites you but does no damage.
The ribbon worm bites you. The ribbon worm bites you!
The web tears apart.
The ribbon worm bites you but does no damage.
You shoot an arrow. The arrow hits the ribbon worm!
The ribbon worm is heavily wounded.
The ribbon worm completely misses you.
You shoot an arrow. The arrow hits the ribbon worm.
The ribbon worm is heavily wounded.
You shoot an arrow.
The arrow barely misses the ribbon worm.
The ribbon worm expels a string of sticky webbing.
The stream of webbing misses you.
You shoot an arrow.
The arrow barely misses the ribbon worm.
The ribbon worm bites you.
You shoot an arrow. The arrow hits the ribbon worm.
The ribbon worm is heavily wounded.
The ribbon worm bites you but does no damage.
You shoot an arrow. The arrow hits the ribbon worm.
The ribbon worm is severely wounded.
The ribbon worm bites you.
You die...

#.........#
##........#
#.#...########+#
#..............
#.8.....>......
#...##.........
#.###.#.........
## #.........
#@........
#w###+#### ....
.......
#......##
###....# ......
.......


You could see a ribbon worm (catching breath).

Vanquished Creatures
  3 adders (D:3)
  3 dart slugs (D:2)
  3 ribbon worms (D:2)
  4 orcs
  5 ball pythons
  6 endoplasms
  2 giant cockroaches
  11 goblins
  10 hobgoblins
  4 kobolds
  4 quokkas
  2 bats
  6 frilled lizards
  4 rats
67 creatures vanquished.

Notes
Turn   | Place    | Note
-------+----------+-------------------------------------------
     0 | D:1      | qw the Deep Elf Hunter began the quest for the Orb.
     0 | D:1      | Reached XP level 1. HP: 12/12 MP: 3/3
     0 | D:1      | 0 ||| qw: Version: 0.3-a-160-g6735b56
     0 | D:1      | 0 ||| qw: Game counter: 5109
     0 | D:1      | 0 ||| qw: Melee chars always use a shield: true
     0 | D:1      | 0 ||| qw: God list: Okawaru
     0 | D:1      | 0 ||| qw: Allow faded altars: false
     0 | D:1      | 0 ||| qw: Do Orc after clearing Dungeon:15 true
     0 | D:1      | 0 ||| qw: Do second Lair branch before Depths: true
     0 | D:1      | 0 ||| qw: Lair rune preference: random
     0 | D:1      | 0 ||| qw: Goals: Normal
     0 | D:1      | 0 ||| PLANNING D:1-11
    77 | D:1      | Reached XP level 2. HP: 16/16 MP: 4/4
   149 | D:1      | Reached skill level 6 in Ranged Weapons
   790 | D:1      | 790 ||| UPGRADING to +0 helmet.
   795 | D:1      | 795 ||| UPGRADING to +0 ring mail.
   805 | D:1      | 805 ||| DROPPING +0 leather armour.
   806 | D:1      | 806 ||| DROPPING ring of flight.
   807 | D:1      | 807 ||| READING scroll labelled QUVVOE GEOLALE.
   807 | D:1      | 807 ||| IDENTIFYING white potion
   808 | D:1      | 808 ||| READING scroll labelled PIEBIO NANEOK.
   836 | D:1      | 836 ||| READING scroll labelled RIN UFYDUAMO.
   836 | D:1      | 836 ||| ENCHANTING +0 helmet.
   837 | D:1      | 837 ||| DROPPING scroll of butterflies.
   969 | D:2      | Reached XP level 3. HP: 20/20 MP: 5/5
  1005 | D:2      | 1005 ||| FLEEEEING.
  1080 | D:2      | Found a glowing silver altar of Zin.
  1107 | D:2      | 1107 ||| FLEEEEING.
  1108 | D:2      | 1108 ||| FLEEEEING.
  1124 | D:2      | 1124 ||| FLEEEEING.
  1127 | D:2      | 1127 ||| FLEEEEING.
  1128 | D:2      | 1128 ||| FLEEEEING.
  1129 | D:2      | 1129 ||| FLEEEEING.
  1130 | D:2      | 1130 ||| FLEEEEING.
  1166 | D:2      | Reached skill level 7 in Ranged Weapons
  1594 | D:2      | Reached XP level 4. HP: 19/25 MP: 6/6
  1665 | D:2      | 1665 ||| READING scroll of identify.
  1665 | D:2      | 1665 ||| IDENTIFYING 3 fuming blue potions
  1666 | D:2      | 1666 ||| READING scroll labelled SIXAOT OSSEASU.
  1667 | D:2      | 1667 ||| READING scroll labelled ATULYH LEY.
  1668 | D:2      | 1668 ||| READING 4 scrolls labelled ZIAHOXT MEONIH.
  1669 | D:2      | 1669 ||| DROPPING 3 scrolls of poison.
  1670 | D:2      | 1670 ||| DROPPING 3 potions of brilliance.
  1672 | D:2      | 1672 ||| Stepping ~*~*~tactically~*~*~ (cloud).
  2155 | D:3      | Reached skill level 8 in Ranged Weapons
  2283 | D:3      | Found a glowing golden altar of the Shining One.
  2543 | D:3      | Found a sparkling altar of Nemelex Xobeh.
  2696 | D:3      | 2696 ||| UPGRADING to +0 pair of gloves.
  2701 | D:3      | 2701 ||| UPGRADING to ring of protection from cold.
  2702 | D:3      | 2702 ||| UPGRADING to ring of willpower.
  2703 | D:3      | 2703 ||| READING scroll of identify.
  2703 | D:3      | 2703 ||| IDENTIFYING fizzy emerald potion
  2704 | D:3      | 2704 ||| READING scroll labelled SEUCHUCS MUOT.
  2705 | D:3      | 2705 ||| READING scroll labelled ACLOBU CA QYN.
  2706 | D:3      | 2706 ||| DRINKING 2 murky orange potions.
  2707 | D:3      | 2707 ||| DROPPING potion of attraction.
  2791 | D:4      | HP: 3/25 [ribbon worm (7)]
  2796 | D:4      | HP: 3/25 [ribbon worm (1)]
  2798 | D:4      | Slain by a ribbon worm

Levels and vault maps discovered:
D:1:      minmay_arrival_pointy, layout_basic, grunt_decor_one_mirror,
          minmay_pentomino_v4
D:2:      wad_river_or_something, layout_basic, basic_altar
D:3:      layout_loops_corners, nemelex_diamond_rough_becter,
          nicolae_overflow_hidden_temple
D:4:      cheibrodos_barr_body, layout_gridville, lemuel_crystal_altar,
          makhleb_heckhound_becter, roderic_lattice_a,
          nicolae_twisty_statue_hallways

Skill      XL: |  1  2  3  4 |
---------------+-------------+-----
Ranged Weapons | 6 7 8 |  8.2
Fighting       | |  1.5
Dodging        | |  2.4
Stealth        | |  1.2

Action                     |  1- 3 |  4- 6 || total
---------------------------+-------+-------++-------
   Fire: Shortbow          |   121 |    83 ||   204
    Use: Scroll            |     3 |     7 ||    10
         Potion            |       |     1 ||     1
 Armour: Leather armour    |     7 |       ||     7
         Ring mail         |    12 |    30 ||    42
  Dodge: Dodged            |    22 |    19 ||    41

Table legend:
 A = Non-vault XP
 B = Vault XP
 C = Vault XP percentage of total XP
 D = Non-vault monster count
 E = Vault monster count
 F = Vault count percentage of total count
                 A         B        C        D         E       F
            +---------+---------+-------+---------+---------+-------
      Total |     142 |      29 |  17.0 |      54 |      13 |  19.4
            +---------+---------+-------+---------+---------+-------
        D:1 |      21 |       8 |  27.6 |      13 |       4 |  23.5
        D:2 |      59 |      21 |  26.2 |      25 |       9 |  26.5
        D:3 |      60 |       0 |   0.0 |      15 |       0 |   0.0
        D:4 |       2 |       0 |   0.0 |       1 |       0 |   0.0
            +---------+---------+-------+---------+---------+-------
